 Dungeon Crawl Stone Soup version 0.24-a0-167-g029c7ce0ac (webtiles) character file.

Game seed: 10845907640637675783

441 Roikka the Chopper (level 6, -4/52 HPs)
             Began as a Minotaur Gladiator on Mar 7, 2019.
             Was an Initiate of Qazlal.
             Slain by an ogre
             ... wielding a cursed -1 giant club
              (18 damage)
             ... on level 4 of the Dungeon.
             The game lasted 00:10:43 (3681 turns).

Roikka the Chopper (Minotaur Gladiator)             Turns: 3681, Time: 00:10:44

Health: -4/52      AC: 13    Str: 20    XL:     6   Next: 70%
Magic:  5/5        EV:  7    Int:  5    God:    Qazlal [......]
Gold:   211        SH:  0    Dex: 12    Spells: 5/5 levels left

rFire    . . .     SeeInvis .   m - +0 battleaxe
rCold    + . .     Gourm    .   (shield currently unavailable)
rNeg     . . .     Faith    .   k - +0 plate armour
rPois    .         Spirit   .   c - +0 hat
rElec    .         Reflect  .   (no cloak)
rCorr    .         Harm     .   (no gloves)
MR       .....                  r - +0 pair of boots
Stlth    ..........             (no amulet)
HPRegen  0.17/turn              l - ring of protection from cold
MPRegen  0.09/turn              (no ring)

@: no status effects
A: retaliatory headbutt, horns 2
a: Renounce Religion


You were on level 4 of the Dungeon.
You worshipped Qazlal.
Qazlal was noncommittal.
You were not hungry.

You visited 2 branches of the dungeon, and saw 5 of its levels.

You collected 211 gold pieces.

Inventory:

Hand Weapons
 a - a +0 war axe
 m - a +0 battleaxe (weapon)
Missiles
 d - 3 throwing nets (quivered)
Armour
 c - a +0 hat (worn)
 k - a +0 plate armour (worn)
 r - a +0 pair of boots (worn)
Jewellery
 h - an uncursed ring of flight {unknown}
 l - a ring of protection from cold (left hand)
 p - a +3 ring of slaying {unknown}
 q - an uncursed amulet of guardian spirit {unknown}
 s - an uncursed ring of magical power {unknown}
Scrolls
 b - a scroll of blinking
 e - 4 scrolls of remove curse {unknown}
 i - 2 scrolls of identify {unknown}
 j - a scroll of fog {unknown}
 n - 4 scrolls of enchant weapon {unknown}
 o - 2 scrolls of fear {unknown}
Potions
 t - 2 potions of agility {unknown}
Comestibles
 f - 6 rations


   Skills:
 + Level 4.0 Fighting
 * Level 5.9 Axes
 + Level 3.4 Throwing
 * Level 4.1 Armour
 - Level 4.0 Dodging


You had 5 spell levels left.
You didn't know any spells.
Your spell library contained the following spells:

 Spells                   Type           Power        Failure   Level  Hunger
 Confusing Touch          Hex            #.....       100%        1    ##.....
 Confuse                  Hex            #.......     100%        3    ####...
 Gell's Gravitas          Tloc           #.........   100%        3    ####...
 Petrify                  Tmut/Erth      #.......     100%        4    #####..
 Metabolic Englaciation   Hex/Ice        #.........   100%        5    ######.
 Yara's Violent Unravell  Hex/Tmut       #.........   100%        5    ######.


Dungeon Overview and Level Annotations

Branches:
Dungeon (4/15)             Temple (1/1) D:4

Altars:
Ashenzari
Kikubaaqudgha
Qazlal


Innate Abilities, Weirdness & Mutations

You reflexively headbutt those who attack you in melee.
You have a pair of horns on your head.


Message History

The worker ant is heavily wounded.
You slash the ogre!
The worker ant bites you but does no damage.
The ogre barely misses you. The worker ant bites you.
The worker ant bites you but does no damage.
The worker ant bites you but does no damage.
The worker ant closely misses you.
The ogre hits you with a cursed -1 giant club.
You slash the ogre!
The ogre is severely wounded.
The ogre barely misses you.
All of the chunks of flesh in your inventory have rotted away.
You hit the ogre.
The ogre is almost dead.
The ogre hits you with a cursed -1 giant club!
* * * LOW HITPOINT WARNING * * *
You hit the ogre. Your headbutt misses the ogre.
The ogre is almost dead.
The ogre hits you with a cursed -1 giant club!!
You die...

.......o÷oo# #
#........⌠.##)# #
...........##.# #
.⌠........###.# # ..........
#.# # ###........# #.# #
#.###...⌠.. #.# #
##...###...# #.# #
#..⌠...###@#####.##########
##........#O#...............
#..........a#.##############
##........⌠.##.......#
#...........##..####.#
.##†⌠........###.># #.#
#.............#.#..# #.#
#####........##.#..# #.#
.###...⌠..##.#..# #.#


You could see an ogre and a worker ant.

Vanquished Creatures
  A phantom (D:4)
  A hound (D:3)
  3 orc priests
  An orc wizard (D:4)
  A hound skeleton (D:4)
  4 gnolls
  4 adders
  An ooze (D:1)
  An adder skeleton (D:4)
  A dart slug (D:2)
  13 orcs
  3 ball pythons
  6 bats
  5 giant cockroaches
  7 goblins
  12 hobgoblins
  8 jackals
  10 kobolds
  3 quokkas
  6 frilled lizards
  3 rats
94 creatures vanquished.

Notes
Turn   | Place    | Note
-------+----------+-------------------------------------------
     0 | D:1      | Roikka the Minotaur Gladiator began the quest for the Orb.
     0 | D:1      | Reached XP level 1. HP: 18/18 MP: 0/0
    47 | D:1      | Reached XP level 2. HP: 22/25 MP: 1/1
    92 | D:1      | Reached skill level 4 in Axes
   522 | D:1      | Reached XP level 3. HP: 30/30 MP: 2/2
   932 | D:2      | Reached skill level 1 in Armour
  1000 | D:2      | Reached XP level 4. HP: 30/38 MP: 3/3
  1901 | D:3      | Reached skill level 5 in Axes
  1901 | D:3      | Reached XP level 5. HP: 26/45 MP: 4/4
  2094 | D:3      | Found a stormy altar of Qazlal.
  2110 | D:3      | Became a worshipper of Qazlal Stormbringer
  2392 | D:3      | Noticed an orc warrior
  3117 | D:4      | Noticed a phantom
  3143 | D:4      | Reached XP level 6. HP: 18/52 MP: 5/5
  3422 | D:4      | Found a staircase to the Ecumenical Temple.
  3427 | Temple   | Entered the Ecumenical Temple
  3681 | D:4      | Slain by an ogre

Levels and vault maps discovered:
D:1:      lemuel_arrival_lava_pool, layout_basic, minmay_misc_feat_rugged
D:2:      kennysheep_big_flooded_room, layout_rooms, due_unseen_surprise
D:3:      layout_loops_ring, lemuel_round_altar
D:4:      minmay_skewed_foursquare, layout_loops_ring,
          lemuel_coloured_pillars_altar, minmay_temple_entry_nine_rooms,
          first_ration, nemelex_lonely_heart_becter
Temple:   nicolae_temple_hex_pool

Skill      XL: |  1  2  3  4  5  6 |
---------------+-------------------+-----
Axes           | 4 5 |  5.9
Fighting       | 3 4 |  4.0
Armour         | 1 2 3 4 |  4.1
Dodging        | 4 |  4.0
Throwing       | 3 |  3.4

Action                   |  1- 3 |  4- 6 || total
-------------------------+-------+-------++-------
Melee: War axe           |    69 |   137 ||   206
       Headbutt          |     9 |    37 ||    46
       Battleaxe         |       |    37 ||    37
  Use: Scroll            |       |     3 ||     3
       Potion            |       |     3 ||     3
  Eat: Chunk             |       |     9 ||     9
Armor: Leather armour    |     5 |       ||     5
       Plate armour      |    19 |   124 ||   143
Dodge: Dodged            |    46 |    73 ||   119

Table legend:
 A = Non-vault XP
 B = Vault XP
 C = Vault XP percentage of total XP
 D = Non-vault monster count
 E = Vault monster count
 F = Vault count percentage of total count
                 A         B        C        D         E       F
            +---------+---------+-------+---------+---------+-------
      Total |     467 |     163 |  25.9 |      88 |       6 |   6.4
            +---------+---------+-------+---------+---------+-------
        D:1 |      65 |       0 |   0.0 |      27 |       0 |   0.0
        D:2 |     111 |       3 |   2.6 |      26 |       2 |   7.1
        D:3 |     176 |       0 |   0.0 |      25 |       0 |   0.0
        D:4 |     115 |     160 |  58.2 |      10 |       4 |  28.6
            +---------+---------+-------+---------+---------+-------
